Map: Tropical Sacrifice

Players

DisReSpeCT - Winner!

  • Race: Terran Terran
  • Spawn Location: 7:00

JonSnow

  • Race: Zerg Zerg
  • Spawn Location: 1:00

Event: DreamHack SC2 Masters 2022 Atlanta (Offline)

VOD

Have the link to the VOD?

Description

Time

  • Played on: Nov. 18, 2022, 2:41 p.m.
  • Length: 13:11

All games in this series

Show
View Real Time Build Order
Export as new Build Order

DisReSpeCT Terran - Winner!

Build Orders: Reaper Expand 

Get SALT Encoding   

  12  0:01  SCV  
  13  0:13  SCV  
  14  0:17  Supply Depot  
  14  0:25  SCV  
  15  0:39  SCV  
  15  0:41  Barracks  
  16  0:45  Refinery  
  16  0:51  SCV  
  17  1:03  SCV  
  18  1:15  SCV  
  19  1:27  Orbital Command  
  19  1:28  Reaper  
  20  1:41  Command Center  
  20  1:49  Supply Depot  
  20  1:53  SCV  
  21  2:00  Marine  
  22  2:05  SCV  
  23  2:13  Factory  
  23  2:17  SCV, Marine  
  23  2:42  SCV  
  23  2:44  Bunker  
  23  2:45  Marine  
  24  2:54  SCV  
  24  2:57  Refinery  
  25  3:02  Factory Tech Lab, Marine  
  26  3:06  Orbital Command  
  26  3:07  SCV  
  27  3:19  SCV  
  28  3:21  Cyclone, Marine  
  32  3:31  SCV  
  32  3:32  SCV  
  34  3:43  SCV  
  34  3:44  SCV  
  36  3:49  Barracks Reactor  
  36  3:52  Starport  
  36  3:55  Supply Depot, SCV  
  37  3:56  SCV  
  37  3:59  Cyclone  
  41  4:07  SCV  
  41  4:08  SCV  
  43  4:19  SCV  
  43  4:22  SCV  
  43  4:23  Command Center  
  45  4:28  Marine x2  
  47  4:31  SCV  
  47  4:34  SCV, Starport Tech Lab  
  49  4:43  SCV  
  50  4:46  SCV  
  51  4:55  SCV  
  51  4:58  SCV  
  53  5:00  Barracks x2  
  53  5:02  Factory Reactor  
  53  5:03  Engineering Bay  
  53  5:06  Engineering Bay  
  53  5:08  Supply Depot x2, SCV, Banshee  
  53  5:10  SCV  
  53  5:12  Refinery  
  53  5:13  Refinery  
  58  5:15  Stimpack  
  58  5:20  SCV  
  59  5:26  SCV, Marine  
  61  5:33  Supply Depot  
  60  5:36  Supply Depot  
  60  5:39  Terran Infantry Weapons Level 1  
  60  5:40  Terran Infantry Armor Level 1  
  60  5:41  SCV, Orbital Command  
  47  6:05  Marine x3  
  49  6:16  SCV x3  
  48  6:28  SCV x2  
  48  6:29  SCV  
  48  6:31  Marine  
  48  6:32  Starport Reactor, Marine  
  53  6:38  Marine x3  
  53  6:39  Siege Tank  
  57  6:40  SCV x2  
  57  6:41  SCV  
  57  6:43  Barracks  
  59  6:52  SCV, Marine x2  
  59  6:53  SCV  
  63  6:56  Combat Shield, Marine  
  63  7:01  SCV  
  65  7:07  Marine x2  
  65  7:08  Supply Depot, SCV  
  67  7:09  Supply Depot  
  67  7:13  SCV  
  67  7:15  Marine x2  
  71  7:16  Medivac  
  71  7:20  Medivac  
  71  7:21  SCV  
  71  7:22  SCV  
  77  7:25  SCV, Marine x2  
  77  7:29  Siege Tank  
  83  7:33  Barracks Reactor  
  83  7:34  Orbital Command, Marine x2  
  83  7:36  SCV  
  87  7:42  Marine  
  87  7:43  Marauder, Marine  
  90  7:47  Armory  
  90  7:48  Medivac  
  90  7:50  SCV  
  93  7:51  Marine  
  93  7:55  Barracks  
  93  7:58  SCV  
  95  8:01  SCV  
  95  8:02  SCV  
  95  8:05  Marine  
  97  8:06  Supply Depot, Marine  
  97  8:08  Supply Depot  
  97  8:10  SCV  
  100  8:21  Marine x5  
  100  8:22  Siege Tank  
  100  8:23  Marine  
  109  8:27  Medivac  
  109  8:28  SCV x3  
  109  8:33  Supply Depot, Marine  
  115  8:35  Supply Depot  
  115  8:39  Marine  
  115  8:40  Terran Vehicle Weapons Level 1, SCV x3  
  119  8:41  Factory  
  119  8:47  Barracks Tech Lab  
  119  8:48  Marauder, Marine x3  
  124  8:52  SCV  
  124  8:55  SCV x2  
  121  9:05  Marine  
  121  9:06  Medivac, Siege Tank  
  121  9:09  Marauder  
  115  9:15  Marine  
  115  9:16  Marauder, Marine x4  
  123  9:17  SCV  
  123  9:19  SCV x2  
  123  9:21  Barracks  
  123  9:22  Barracks  
  123  9:23  Marine  
  126  9:28  Command Center  
  126  9:29  SCV  
  126  9:30  Marauder  
  129  9:31  Supply Depot  
  129  9:33  Supply Depot, Marine x2  
  129  9:34  SCV x2, Marine x2  
  129  9:38  Terran Infantry Weapons Level 2  
  135  9:43  Terran Infantry Armor Level 2, Marine x2  
  137  9:47  Concussive Shells  
  137  9:48  Marauder  
  137  9:51  Marine x2  
  132  10:07  Marine x5  
  132  10:10  Marauder x2  
  132  10:14  SCV x3  
  141  10:15  Refinery  
  141  10:16  Refinery, Marine x2  
  141  10:24  Marine  
  141  10:25  Marine x2  
  141  10:26  SCV x2  
  146  10:31  Marauder x2  
  145  10:39  Marine  
  145  10:40  Siege Tank  
  145  10:41  Factory Tech Lab, Barracks Tech Lab  
  145  10:42  Medivac x2  
  153  10:46  SCV  
  153  10:47  SCV  
  155  10:52  Marauder x2  
  155  10:55  Bunker  
  158  11:00  Barracks Tech Lab, Marauder, Marine  
  158  11:01  Marine x5  
  158  11:03  SCV x2  
  169  11:04  SCV  
  169  11:07  Missile Turret  
  169  11:09  Missile Turret  
  169  11:12  Liberator  
  172  11:28  Supply Depot  
  172  11:31  SCV  
  172  11:40  Marine  
  172  11:41  Marine  
  172  11:49  Marine  
  172  11:50  SCV x3, Marauder x2  
  172  11:52  Planetary Fortress  
  180  11:55  Command Center  
  180  12:12  Marine  
  180  12:14  Marine  
  180  12:39  SCV  
  180  12:47  SCV  
  180  12:48  Marine x2  
  180  12:49  Marine  
  180  12:51  Marine  
  180  12:52  Marine  
  180  12:53  Marine  
  180  12:54  SCV  
  180  12:55  SCV x2  
  180  12:57  Supply Depot, Refinery  
  180  12:58  Supply Depot, Refinery  
Show
View Real Time Build Order
Export as new Build Order

JonSnow Zerg 

Build Orders: Pool First, Lurkers 

Get SALT Encoding   

  12  0:02  Drone  
  13  0:12  Overlord  
  13  0:20  Drone  
  14  0:31  Drone  
  14  0:32  Drone  
  16  0:44  Spawning Pool  
  16  0:46  Drone  
  16  0:50  Drone  
  17  1:00  Extractor  
  16  1:12  Hatchery  
  16  1:17  Drone  
  16  1:20  Drone  
  17  1:31  Zergling x4  
  19  1:39  Queen  
  21  1:53  Roach Warren  
  20  1:55  Drone  
  21  2:02  Overlord  
  21  2:36  Roach x3  
  26  2:38  Drone x2  
  26  2:43  Queen  
  29  2:48  Drone  
  29  2:49  Drone  
  31  2:51  Drone  
  31  2:54  Drone  
  32  3:02  Drone x2  
  34  3:07  Overlord  
  34  3:11  Ravager  
  35  3:27  Hatchery  
  34  3:42  Drone x5  
  34  3:48  Drone x3  
  42  3:55  Drone x2  
  42  3:59  Metabolic Boost  
  42  4:02  Drone  
  44  4:05  Extractor  
  43  4:15  Overlord  
  43  4:18  Overlord  
  43  4:20  Drone  
  44  4:27  Overlord  
  44  4:32  Queen  
  46  4:39  Roach x2  
  46  4:40  Roach x2  
  46  4:42  Queen  
  56  4:50  Roach  
  56  4:51  Roach  
  56  4:52  Zergling x6  
  63  4:59  Overlord  
  63  5:00  Overlord  
  63  5:06  Overlord  
  63  5:09  Zergling x2  
  63  5:10  Zergling x2  
  63  5:13  Zergling x2  
  66  5:17  Overlord  
  66  5:18  Zergling x2  
  66  5:19  Zergling x2  
  66  5:20  Ravager x2  
  66  5:21  Ravager  
  71  5:24  Zergling x2  
  72  5:31  Ravager  
  72  5:32  Ravager  
  74  5:37  Zergling x12  
  74  5:39  Ravager  
  75  5:50  Zergling x12  
  75  6:02  Drone  
  75  6:03  Drone x6  
  66  6:14  Drone x5  
  66  6:15  Drone  
  63  6:23  Lair  
  63  6:25  Drone  
  62  6:36  Drone  
  62  6:37  Drone x7  
  62  6:39  Spore Crawler  
  67  6:42  Spore Crawler  
  67  6:43  Spore Crawler  
  67  6:45  Drone  
  63  6:48  Drone  
  63  6:50  Drone x2  
  65  6:55  Drone  
  65  6:59  Drone, Evolution Chamber  
  65  7:00  Evolution Chamber  
  65  7:01  Drone x2  
  65  7:03  Drone x2  
  65  7:06  Drone  
  69  7:09  Extractor  
  69  7:10  Drone x2  
  69  7:11  Drone  
  69  7:15  Extractor  
  70  7:16  Queen  
  70  7:18  Drone x3  
  70  7:19  Drone x3  
  70  7:21  Extractor  
  77  7:22  Overseer  
  77  7:24  Glial Reconstitution  
  77  7:25  Zerg Missile Weapons Level 1  
  77  7:29  Zerg Ground Armor Level 1  
  77  7:31  Drone  
  77  7:34  Overlord  
  77  7:36  Extractor  
  77  7:39  Overlord  
  77  7:45  Roach x2  
  77  7:49  Overlord  
  77  7:51  Hatchery  
  80  7:52  Drone  
  80  7:54  Hydralisk Den  
  80  7:57  Roach x4  
  88  7:59  Overseer  
  88  8:02  Overlord  
  88  8:04  Drone  
  88  8:05  Overlord  
  89  8:07  Roach x2  
  89  8:08  Overseer  
  93  8:15  Roach x4  
  93  8:18  Roach x2  
  93  8:19  Ravager  
  107  8:20  Ravager  
  107  8:21  Roach  
  107  8:24  Roach x3  
  115  8:31  Roach x4  
  123  8:34  Overlord  
  123  8:42  Roach x3  
  123  8:48  Roach x3  
  135  8:51  Overlord  
  135  8:52  Overlord  
  135  8:54  Overlord  
  135  8:57  Hatchery  
  135  8:58  Overlord  
  135  8:59  Roach  
  128  9:05  Roach x3  
  128  9:07  Roach  
  114  9:13  Roach x4  
  122  9:20  Lurker Den  
  122  9:21  Ravager  
  122  9:24  Zerg Missile Weapons Level 2  
  122  9:35  Zerg Ground Armor Level 2  
  122  9:40  Hydralisk x2  
  122  9:41  Hydralisk  
  122  9:42  Drone x7  
  135  9:53  Roach x4  
  135  9:54  Extractor  
  135  9:56  Roach  
  135  9:57  Extractor  
  135  9:59  Roach  
  132  10:05  Roach  
  132  10:06  Roach  
  126  10:13  Roach  
  126  10:14  Roach x2  
  125  10:17  Lurker  
  125  10:18  Lurker x2  
  124  10:26  Hydralisk x2  
  128  10:32  Hatchery  
  128  10:34  Roach x2  
  113  10:43  Roach x4  
  113  10:47  Hydralisk x2  
  121  10:52  Lurker  
  120  10:59  Lurker  
  120  11:00  Infestation Pit  
  120  11:02  Hydralisk x2  
  120  11:04  Roach  
  126  11:14  Overlord  
  126  11:16  Drone x3  
  129  11:19  Overlord x3  
  129  11:24  Lurker x2  
  131  11:30  Grooved Spines, Hatchery  
  127  11:42  Roach  
  127  11:43  Roach x8  
  135  11:50  Roach x3  
  135  11:51  Roach  
  139  11:59  Hydralisk x2  
  143  12:08  Extractor  
  143  12:09  Extractor  
  143  12:10  Roach x2  
  143  12:11  Roach  
  144  12:16  Hydralisk x2  
  144  12:17  Hydralisk  
  144  12:21  Roach x2  
  151  12:24  Hydralisk  
  151  12:28  Hydralisk x2  
  157  12:31  Lurker  
  150  12:37  Roach x4  
  150  12:43  Roach x2  
  145  12:45  Lurker  
  145  12:48  Roach  
Tags
 
Add a new tag
Caveats
  • Supply blocks, unpowered buildings, or Contaminate may cause inaccurate times.
  • Supply counts are checked every 10 seconds.